Map: Interloper LE

Players

Tanavast - Winner!

  • Race: Terran Terran
  • League: Bronze
  • Spawn Location: 11:00

A.I. 1 (Hard)

  • Race: Zerg Zerg
  • Spawn Location: 5:00

VOD

Have the link to the VOD?

Description

Time

  • Played on: July 21, 2017, 12:25 p.m.
  • Length: 8:04
Show
View Real Time Build Order
Export as new Build Order

Tanavast Terran - Winner!

Build Orders:  

Get SALT Encoding   

  12  0:01  SCV  
  13  0:13  SCV  
  14  0:21  Supply Depot  
  14  0:25  SCV  
  15  0:42  SCV, Refinery  
  16  0:54  SCV  
  17  0:57  Barracks  
  17  1:06  SCV  
  17  1:08  Refinery  
  18  1:14  Supply Depot  
  18  1:19  SCV  
  19  1:31  SCV  
  20  1:43  SCV  
  20  1:46  Factory  
  21  1:48  Barracks Tech Lab  
  21  1:50  Barracks Reactor  
  21  1:55  SCV  
  22  2:06  Supply Depot  
  22  2:07  SCV  
  23  2:23  Orbital Command  
  23  2:26  Supply Depot  
  23  2:34  Factory Reactor  
  23  2:44  Factory  
  23  3:10  Command Center  
  23  3:15  SCV  
  24  3:20  Supply Depot  
  24  3:23  Supply Depot  
  24  3:27  SCV  
  25  3:39  SCV  
  26  3:47  Cyclone x2  
  32  3:51  SCV  
  32  3:53  Cyclone  
  36  4:03  Cyclone  
  39  4:18  SCV  
  39  4:19  Cyclone x2  
  46  4:24  Supply Depot  
  46  4:30  Orbital Command  
  46  5:05  SCV  
  47  5:12  SCV  
  48  5:15  Cyclone  
  48  5:16  Cyclone x2  
  48  5:17  SCV  
  61  5:21  Cyclone  
  61  5:24  SCV, Refinery  
  62  5:29  SCV, Refinery  
  63  5:36  SCV  
  63  5:41  SCV  
  65  5:43  Factory  
  65  5:48  SCV  
  66  5:53  SCV  
  67  6:00  SCV  
  68  6:05  SCV  
  69  6:12  Armory  
  69  6:26  Supply Depot  
  69  6:31  Supply Depot  
  69  6:41  Command Center  
  66  6:53  Cyclone  
  66  6:54  Cyclone x3  
  63  7:26  Cyclone  
  66  7:32  Cyclone x3  
  75  7:52  SCV x2  
Show
View Real Time Build Order
Export as new Build Order

A.I. 1 (Hard) Zerg 

Build Orders: Pool First 

Get SALT Encoding   

  12  0:00  Drone  
  13  0:12  Overlord  
  13  0:17  Drone  
  14  0:31  Drone  
  14  0:32  Drone  
  16  0:42  Spawning Pool  
  15  0:45  Drone  
  15  0:49  Drone  
  17  0:52  Extractor  
  17  0:56  Drone  
  17  1:06  Overlord  
  17  1:30  Queen  
  17  1:31  Zergling x2  
  20  1:37  Roach Warren  
  20  1:38  Drone  
  20  1:42  Extractor  
  20  1:43  Zergling x2  
  20  1:49  Drone  
  21  2:00  Drone  
  22  2:11  Lair  
  22  2:17  Drone  
  22  2:21  Roach  
  25  2:32  Drone  
  26  2:38  Overlord  
  26  2:45  Roach  
  28  2:57  Roach  
  28  2:58  Overlord  
  30  3:10  Drone, Hydralisk Den  
  30  3:16  Roach  
  32  3:28  Roach  
  34  3:35  Overlord  
  34  3:40  Roach  
  36  3:51  Hydralisk  
  36  3:55  Drone  
  39  3:58  Drone  
  39  4:02  Drone  
  41  4:04  Hydralisk  
  43  4:12  Drone  
  43  4:13  Overlord  
  43  4:16  Hydralisk  
  44  4:17  Drone  
  47  4:27  Drone  
  47  4:28  Baneling Nest  
  47  4:37  Evolution Chamber, Hydralisk  
  48  4:45  Drone  
  49  4:46  Drone  
  50  6:21  Queen, Overseer x2  
  50  6:24  Evolution Chamber  
  51  6:26  Spore Crawler  
  51  6:27  Drone  
  51  6:28  Spore Crawler, Drone  
  51  6:30  Ravager, Hatchery, Drone, Infestation Pit  
  51  6:31  Ravager x2, Drone, Roach  
  55  6:35  Hydralisk  
  57  6:40  Zergling x2, Overlord  
  57  6:43  Roach  
  55  6:47  Hydralisk  
  55  6:53  Hydralisk  
  40  7:05  Zergling x2  
  36  7:08  Hatchery  
  36  7:15  Roach  
  26  7:35  Hydralisk  
Tags
 
League
Bronze
Matchup
TvZ
Opening
Pool First
Spawn Locations
Cross Positions
Add a new tag
Caveats
  • Supply blocks, unpowered buildings, or Contaminate may cause inaccurate times.
  • Supply counts are checked every 10 seconds.